 Dungeon Crawl Stone Soup version 0.27.1-2-g3b301248ec (webtiles) character file.

Game seed: 14455801282858019602

732 Crownlay the Chiller (level 7, 0/51 HPs)
             Began as a Gnoll Ice Elementalist on Oct 2, 2021.
             Slain by a hobgoblin zombie (2 damage)
             ... in an ossuary.
             The game lasted 00:09:45 (4271 turns).

Crownlay the Chiller (Gnoll Ice Elementalist)       Turns: 4271, Time: 00:09:45

Health: 0/51       AC:  3    Str: 13    XL:     7   Next: 73%
Magic:  6/15       EV: 13    Int: 17    God:
Gold:   132        SH:  5    Dex: 12    Spells: 10/17 levels left

rFire    . . .     SeeInvis .     - Unarmed
rCold    . . .     Faith    .   (no shield)
rNeg     . . .     Spirit   .   a - +0 robe
rPois    .         Reflect  +   (no helmet)
rElec    .         Harm     .   g - +0 cloak
rCorr    .         Rampage  .   (no gloves)
Will     .....                  (no boots)
Stlth    +++.......             l - amulet of reflection
HPRegen  0.17/turn              e - +6 ring of strength
MPRegen  0.14/turn              (no ring)

@: freezing walls
A: fangs 1, strong nose, distributed training
a: no special abilities


You were in an ossuary.
You visited 1 branch of the dungeon, and saw 7 of its levels.
You also visited: Ossuary.

You collected 132 gold pieces.

Inventory:

Missiles
 i - 7 javelins
Armour
 a - a +0 robe (worn)
 g - a +0 cloak (worn)
Jewellery
 e - a +6 ring of strength (left hand)
 l - an amulet of reflection (around neck)
Scrolls
 b - 3 scrolls of fog
 c - a scroll of vulnerability
 j - a scroll of identify
 n - a scroll of teleportation
 q - a scroll of blinking {unknown}
 s - a scroll of enchant weapon {unknown}
Potions
 d - 4 potions of attraction {unknown}
 f - a potion of brilliance {unknown}
 h - 2 potions of degeneration {unknown}
 m - a potion of mutation {unknown}
 o - a potion of lignification {unknown}
 p - 2 potions of curing {unknown}
 r - a potion of heal wounds {unknown}
 t - a potion of might {unknown}
 u - a potion of haste {unknown}
 v - a potion of flight {unknown}


   Skills:
 + Level 2.6 Fighting
 + Level 2.6 Short Blades
 + Level 2.6 Long Blades
 + Level 2.6 Axes
 + Level 2.6 Maces & Flails
 + Level 2.6 Polearms
 + Level 2.6 Staves
 + Level 2.6 Slings
 + Level 2.6 Bows
 + Level 2.6 Crossbows
 + Level 2.6 Throwing
 + Level 2.6 Armour
 + Level 5.3 Dodging
 + Level 5.0 Stealth
 + Level 2.6 Shields
 + Level 2.6 Unarmed Combat
 + Level 5.7 Spellcasting
 + Level 2.1 Conjurations
 + Level 2.1 Hexes
 + Level 2.1 Summonings
 + Level 2.1 Necromancy
 + Level 2.1 Translocations
 + Level 2.1 Transmutations
 + Level 2.1 Fire Magic
 + Level 7.4 Ice Magic
 + Level 2.1 Air Magic
 + Level 2.1 Earth Magic
 + Level 2.1 Poison Magic
 + Level 3.0 Invocations
 + Level 2.6 Evocations


You had 10 spell levels left.
You knew the following spells:

 Your Spells              Type           Power      Damage    Failure   Level
a - Freeze                Ice            100%       1d11      1%          1
b - Frozen Ramparts       Ice            60%        1d8       1%          3
c - Ozocubu's Armour      Ice            30%        N/A       1%          3

Your spell library contained the following spells:

 Spells                   Type           Power      Damage    Failure   Level
 Animate Skeleton         Necr           24%        N/A       5%          1
 Apportation              Tloc           24%        N/A       5%          1
 Corona                   Hex            13%        N/A       5%          1
 Summon Small Mammal      Summ           48%        N/A       5%          1
 Hailstorm                Conj/Ice       21%        3d6       19%         4


Dungeon Overview and Level Annotations

Branches:
Dungeon (7/15)             Temple (0/1) D:5         Ossuary (1/1)

Altars:
Cheibriados
Makhleb
Nemelex Xobeh
Wu Jian
Xom

Shops:
D:1 (


Innate Abilities, Weirdness & Mutations

You have very sharp teeth.
Your uncanny sense of smell can sniff out nearby items.
Your experience applies equally to all skills.


Message History

The adder zombie resists.
The wall freezes the adder zombie.
The adder zombie misses you.
The kobold zombie resists.
The wall freezes the kobold zombie.
The hobgoblin zombie resists.
The wall freezes the hobgoblin zombie.
The water moccasin zombie completely resists.
The wall freezes the water moccasin zombie but does no damage.
You block the water moccasin zombie's attack.
The adder zombie completely resists.
The wall freezes the adder zombie but does no damage.
Okay, then.
You barely miss the water moccasin zombie.
The water moccasin zombie is almost destroyed.
The adder zombie completely resists.
The wall freezes the adder zombie but does no damage.
You block the adder zombie's attack.
The water moccasin zombie resists.
The wall freezes the water moccasin zombie.
You destroy the water moccasin zombie!
The kobold zombie completely resists.
The wall freezes the kobold zombie but does no damage.
The hobgoblin zombie resists.
The wall freezes the hobgoblin zombie.
The adder zombie completely resists.
The wall freezes the adder zombie but does no damage.
Your Invocations skill increases to level 3!
You hit the kobold zombie.
You destroy the kobold zombie!
The adder zombie resists.
The wall freezes the adder zombie.
You block the adder zombie's attack.
The adder zombie completely resists.
The wall freezes the adder zombie but does no damage.
The hobgoblin zombie resists.
The wall freezes the hobgoblin zombie.
You destroy the hobgoblin zombie!
You hit the adder zombie. You bite the adder zombie.
You destroy the adder zombie!
The hobgoblin zombie completely resists.
The wall freezes the hobgoblin zombie but does no damage.
The hobgoblin zombie closely misses you.
You hit the adder zombie.
The adder zombie is almost destroyed.
The hobgoblin zombie resists.
The wall freezes the hobgoblin zombie.
The hobgoblin zombie hits you.
You die...

#?!!?#...#...#
### #####...#
#...# ##'##
#...# #...#
#...# #...#
#@### #ZZ.#
#...# #...#
#...# #+###


You could see an adder zombie and a hobgoblin zombie.

Vanquished Creatures
  A black bear (D:4)
  A bullfrog (D:6)
  An elf skeleton (D:5)
  A scorpion (D:7)
  A water moccasin zombie (Ossuary)
  3 hounds (D:5)
  A gnoll shaman (D:5)
  An orc priest (D:6)
  Terence (D:3)
  An iguana (D:6)
  An orc wizard (D:2)
  6 gnolls
  3 adders (D:3)
  An ufetubus (D:4)
  2 adder zombies (Ossuary)
  A worm (D:3)
  3 dart slugs
  15 orcs
  4 endoplasms
  A giant cockroach (D:1)
  3 goblins
  5 hobgoblins
  5 jackals
  5 quokkas
  7 ball pythons
  A bat (D:1)
  A hobgoblin zombie (Ossuary)
  4 kobolds
  A kobold zombie (Ossuary)
  An orc skeleton (D:5)
  An orc zombie (Ossuary)
  3 rats
86 creatures vanquished.

Notes
Turn   | Place    | Note
-------+----------+-------------------------------------------
     0 | D:1      | Crownlay the Gnoll Ice Elementalist began the quest for the
                  | Orb.
     0 | D:1      | Reached XP level 1. HP: 13/13 MP: 6/6
   336 | D:1      | Reached XP level 2. HP: 18/19 MP: 5/7
   468 | D:1      | Found a faded altar of an unknown god.
   748 | D:1      | Found Kifet's Weapon Shoppe.
   792 | D:1      | Reached XP level 3. HP: 8/25 MP: 3/9
  1110 | D:1      | Reached skill level 5 in Spellcasting
  1545 | D:2      | Reached skill level 1 in Invocations
  1982 | D:3      | Found a burning altar of Makhleb.
  1989 | D:2      | Learned a level 3 spell: Frozen Ramparts
  1993 | D:2      | Learned a level 3 spell: Ozocubu's Armour
  2011 | D:2      | Reached skill level 1 in Fighting
  2011 | D:2      | Reached skill level 1 in Short Blades
  2011 | D:2      | Reached skill level 1 in Long Blades
  2011 | D:2      | Reached skill level 1 in Axes
  2011 | D:2      | Reached skill level 1 in Maces & Flails
  2011 | D:2      | Reached skill level 1 in Polearms
  2011 | D:2      | Reached skill level 1 in Staves
  2011 | D:2      | Reached skill level 1 in Slings
  2011 | D:2      | Reached skill level 1 in Bows
  2011 | D:2      | Reached skill level 1 in Crossbows
  2011 | D:2      | Reached skill level 1 in Throwing
  2011 | D:2      | Reached skill level 1 in Armour
  2011 | D:2      | Reached skill level 1 in Shields
  2011 | D:2      | Reached skill level 1 in Unarmed Combat
  2011 | D:2      | Reached skill level 1 in Evocations
  2011 | D:2      | Reached XP level 4. HP: 9/32 MP: 1/11
  2419 | D:3      | Found a snail-covered altar of Cheibriados.
  2420 | D:3      | Found a sparkling altar of Nemelex Xobeh.
  2422 | D:3      | Found an ornate altar of the Wu Jian Council.
  2542 | D:3      | Noticed Terence
  2550 | D:3      | Reached skill level 1 in Conjurations
  2550 | D:3      | Reached skill level 1 in Hexes
  2550 | D:3      | Reached skill level 1 in Summonings
  2550 | D:3      | Reached skill level 1 in Necromancy
  2550 | D:3      | Reached skill level 1 in Translocations
  2550 | D:3      | Reached skill level 1 in Transmutations
  2550 | D:3      | Reached skill level 1 in Fire Magic
  2550 | D:3      | Reached skill level 1 in Air Magic
  2550 | D:3      | Reached skill level 1 in Earth Magic
  2550 | D:3      | Reached skill level 1 in Poison Magic
  2556 | D:3      | Killed Terence
  2557 | D:3      | Reached XP level 5. HP: 37/37 MP: 6/12
  3451 | D:4      | Found a shimmering altar of Xom.
  3453 | D:4      | Noticed a black bear
  3468 | D:4      | Killed a black bear
  3469 | D:4      | Reached XP level 6. HP: 30/44 MP: 4/13
  3572 | D:4      | You fall into a shaft and drop 3 floors!
  3615 | D:7      | Reached skill level 5 in Dodging
  3643 | D:6      | Reached XP level 7. HP: 43/50 MP: 2/15
  3754 | D:5      | Entered Level 5 of the Dungeon
  3754 | D:5      | Found a staircase to the Ecumenical Temple.
  3947 | D:5      | Found a sand-covered staircase.
  3979 | Ossuary  | Entered an ossuary
  4223 | Ossuary  | Reached skill level 5 in Stealth
  4266 | Ossuary  | HP: 1/51 [adder zombie (2)]
  4271 | Ossuary  | Slain by a hobgoblin zombie

Illustrated notes

Levels and vault maps discovered:
D:1:      dpeg_arrival_pits, layout_loops_ring,
          hellmonk_ecumenical_altar_heavens_door, serial_shops, shop_fountains
D:2:      layout_basic
D:3:      layout_loops_cross, chequers_temple_overflow_statue_of_worship,
          bloody_makhleb, kennysheep_generic_room_16, uniq_terence
D:4:      layout_rooms, dk_xom_monty_hall, trog_three_pillars_becter
D:5:      layout_layer_cave, minmay_temple_entry_wispy, serial_shops, shop,
          nicolae_ossuary_entry_catacombs, uniq_menkaure
D:6:      layout_basic, grunt_ministairs_2, uniq_crazy_yiuf_cottage
D:7:      minmay_inner_zag, layout_cave_pods, gammafunk_temple_overflow_pools,
          uniq_harold, uniq_pikel
Ossuary:  ossuary_tomb_2

Skill      XL: |  1  2  3  4  5  6  7 |
---------------+----------------------+-----
Spellcasting   | 5 |  5.7
Invocations    | 1 2 3 |  3.0
Fighting       | 1 2 |  2.6
Short Blades   | 1 2 |  2.6
Long Blades    | 1 2 |  2.6
Axes           | 1 2 |  2.6
Maces & Flails | 1 2 |  2.6
Polearms       | 1 2 |  2.6
Staves         | 1 2 |  2.6
Slings         | 1 2 |  2.6
Bows           | 1 2 |  2.6
Crossbows      | 1 2 |  2.6
Throwing       | 1 2 |  2.6
Armour         | 1 2 |  2.6
Shields        | 1 2 |  2.6
Unarmed Combat | 1 2 |  2.6
Evocations     | 1 2 |  2.6
Conjurations   | 1 2 |  2.1
Hexes          | 1 2 |  2.1
Summonings     | 1 2 |  2.1
Necromancy     | 1 2 |  2.1
Translocations | 1 2 |  2.1
Transmutations | 1 2 |  2.1
Fire Magic     | 1 2 |  2.1
Air Magic      | 1 2 |  2.1
Earth Magic    | 1 2 |  2.1
Poison Magic   | 1 2 |  2.1
Dodging        | 5 |  5.3
Stealth        | 5 |  5.0
Ice Magic      | |  7.4

Action                   |  1- 3 |  4- 6 |  7- 9 || total
-------------------------+-------+-------+-------++-------
Melee: Unarmed           |     8 |    36 |    80 ||   124
       Bite              |       |     3 |     9 ||    12
 Cast: Freeze            |    40 |    21 |       ||    61
       Frozen Ramparts   |     2 |     9 |    14 ||    25
       Ozocubu's Armour  |     1 |     6 |     2 ||     9
  Use: Scroll            |       |       |     5 ||     5
 Stab: Sleeping          |       |     1 |       ||     1
Armor: Robe              |     6 |    18 |    17 ||    41
Dodge: Dodged            |    27 |    35 |    47 ||   109
Block: Other             |     2 |    10 |    21 ||    33
       Reflection        |     1 |       |       ||     1
